 Dungeon Crawl Stone Soup version 0.30.0 (webtiles) character file.

Game seed: 853263553277997334

511 zwolley the Cleaver (level 7, -5/60 HPs)
             Began as a Hill Orc Fighter on May 6, 2023.
             Slain by Menkaure (17 damage)
             ... on level 5 of the Dungeon.
             The game lasted 00:05:33 (3205 turns).

zwolley the Cleaver (Hill Orc Fighter)              Turns: 3205, Time: 00:05:34

Health: -5/60      AC: 10    Str: 21    XL:     7   Next: 19%
Magic:  7/7        EV:  8    Int:  8    God:
Gold:   254        SH:  4    Dex: 10    Spells: 6/6 levels left

rFire   . . .        a - +0 war axe
rCold   . . .        c - +0 buckler
rNeg    . . .        j - +0 chain mail
rPois   .            (no helmet)
rElec   .            (no cloak)
rCorr   .            q - +0 pair of gloves
SInv    .            (no boots)
Will    .....        n - amulet of the acrobat Stlth
                     (no ring)
HPRegen 0.30/turn    (no ring)
MPRegen 0.10/turn

%: acrobat
@: no status effects
A: no striking features
a: Convert to Beogh


You were on level 5 of the Dungeon.
You visited 1 branch of the dungeon, and saw 5 of its levels.

You collected 254 gold pieces.

Inventory:

Hand Weapons
 a - a +0 war axe (weapon)
Missiles
 r - 4 javelins (quivered)
Armour
 c - a +0 buckler (worn)
 j - a +0 chain mail (worn)
 q - a +0 pair of gloves (worn)
Jewellery
 n - an amulet of the acrobat (around neck)
Wands
 b - a wand of flame (18)
 t - a wand of roots (11)
Scrolls
 e - 4 scrolls of identify {unknown}
 g - a scroll of vulnerability {unknown}
 h - 8 scrolls of teleportation {unknown}
 k - 3 scrolls of enchant weapon {unknown}
 l - a scroll of poison {unknown}
 m - a scroll of fear {unknown}
 s - a scroll of immolation {unknown}
Potions
 d - a potion of might
 f - a potion of berserk rage {unknown}
 i - a potion of curing
 o - a potion of heal wounds {unknown}
 p - a potion of degeneration {unknown}
 u - a potion of lignification {unknown}


   Skills:
 + Level 4.4 Fighting
 * Level 8.3 Axes
 + Level 4.5 Armour
 + Level 0.5 Dodging
 + Level 3.9 Shields


You had 6 spell levels left.
You didn't know any spells.
Your spell library contained the following spells:

 Spells                   Type           Power      Damage    Failure   Level
 Blink                    Tloc           0%         N/A       99%         2
 Ensorcelled Hibernation  Hex/Ice        0%         N/A       99%         2
 Lesser Beckoning         Tloc           0%         N/A       99%         2
 Momentum Strike          Conj/Tloc      0%         3d8       99%         2
 Spider Form              Tmut/Pois      0%         N/A       100%        3
 Anguish                  Hex/Necr       0%         N/A       100%        4
 Animate Dead             Necr           0%         N/A       100%        4
 Haunt                    Necr/Summ      0%         N/A       100%        7
 Infestation              Necr           0%         N/A       100%        8


Dungeon Overview and Level Annotations

Branches:
Dungeon (5/15)
 Temple: D:4-7

Altars:
Ru
Wu Jian

Annotations:
D:5 Menkaure


Message History

You kill the orc!
Found 10 gold pieces.
A jackal comes into view.
Things that are here:
a +0 club; an orc corpse The orc attacks as you move away!
You block the orc's attack.
The jackal barks!
You hear a bark!
You hear a shout!
A jackal comes into view.
The orc priest miscasts a cantrip.
The orc closely misses you.
The jackal barks!
You slash Menkaure!
Menkaure is severely damaged.
Menkaure hits you! The orc hits you but does no damage.
A jackal comes into view.
You closely miss Menkaure.
Menkaure is severely damaged.
The orc priest shouts, "Join the one true god or die!"
The orc priest casts a cantrip, but nothing happens.
You block the orc's attack. Menkaure hits you but does no damage.
You closely miss Menkaure.
Menkaure is severely damaged.
The orc closely misses you. You block Menkaure's attack.
You hit Menkaure.
Menkaure is severely damaged.
You block the orc's attack. Menkaure hits you but does no damage.
The orc hits you but does no damage.
You barely miss Menkaure.
Menkaure is severely damaged.
Menkaure calls on the powers of darkness!
The orc convulses!
Your body is wracked with pain!
The orc priest convulses!
The jackal convulses! x4; You block the orc's attack.
You hit Menkaure but do no damage.
Menkaure is severely damaged.
The orc hits you from afar with a +0 trident.
The orc priest mumbles some strange prayers to Beogh against you.
Beogh smites you!
* * * LOW HITPOINT WARNING * * *
Menkaure hits you!
You die...

.......<.#.###.#######
##.####..#.#.)........
#..............###
.........#.<..###.#..
#.##.#......#.......#
# ......###.#..##.#.#
#.......# #.#..##....
###...### #..?...$#
#... ###@##.## #...
#M# .# #oo.$....#
#h##..#..# hh ..#..
... #.. .... #.# ####.
.# #. #


You could see Menkaure, an orc priest, an orc and 3 jackals.

Vanquished Creatures
  A scorpion (D:4)
  A howler monkey (D:4)
  A hound (D:5)
  3 jellies (D:3)
  3 iguanas
  5 adders
  3 gnolls (D:2)
  An ufetubus (D:4)
  6 worms
  2 dart slugs
  10 orcs
  6 bats
  18 endoplasms
  6 giant cockroaches
  6 goblins
  7 hobgoblins
  2 jackals (D:1)
  14 kobolds
  9 ball pythons
  2 frilled lizards (D:1)
  8 rats
114 creatures vanquished.

Vanquished Creatures (others)
  3 fungi (D:3)
  7 toadstools (D:3)
10 creatures vanquished.

Grand Total: 124 creatures vanquished

Notes
Turn   | Place    | Note
-------+----------+-------------------------------------------
     0 | D:1      | zwolley the Hill Orc Fighter began the quest for the Orb.
     0 | D:1      | Reached XP level 1. HP: 19/19 MP: 1/1
    74 | D:1      | Reached skill level 3 in Axes
    75 | D:1      | Reached XP level 2. HP: 18/27 MP: 2/2
   372 | D:1      | Reached XP level 3. HP: 33/33 MP: 3/3
   734 | D:2      | Reached skill level 4 in Axes
   805 | D:2      | Reached XP level 4. HP: 21/40 MP: 4/4
  1036 | D:2      | Found an ornate altar of the Wu Jian Council.
  1065 | D:2      | Reached skill level 5 in Axes
  1360 | D:3      | Found a faded altar of an unknown god.
  1471 | D:3      | Reached XP level 5. HP: 11/46 MP: 5/5
  2047 | D:3      | Reached skill level 6 in Axes
  2082 | D:3      | Reached XP level 6. HP: 21/52 MP: 6/6
  2447 | D:4      | Reached skill level 7 in Axes
  2565 | D:4      | Found a sacrificial altar of Ru.
  2916 | D:4      | Reached XP level 7. HP: 54/60 MP: 7/7
  3137 | D:5      | Entered Level 5 of the Dungeon
  3152 | D:5      | Reached skill level 8 in Axes
  3192 | D:5      | Noticed Menkaure
  3205 | D:5      | Slain by Menkaure

Illustrated notes

Levels and vault maps discovered:
D:1:      minmay_arrival_loop, layout_basic
D:2:      layout_loops_ring, basic_altar
D:3:      cheibrodos_fertilizer, layout_basic,
          hellmonk_ecumenical_altar_pennies_from_heaven
D:4:      minmay_thinvault, layout_rooms, nicolae_ru_the_path_less_chosen
D:5:      layout_loops_cross, grunt_ministairs_10, solitary_fountain,
          uniq_menkaure, uniq_crazy_yiuf_cottage

Skill      XL: |  1  2  3  4  5  6  7 |
---------------+----------------------+-----
Axes           | 3 4 5 6 7 8 |  8.3
Fighting       | 4 |  4.4
Armour         | 4 |  4.5
Dodging        | |  0.5
Shields        | |  3.9

Action                     |  1- 3 |  4- 6 |  7- 9 || total
---------------------------+-------+-------+-------++-------
  Melee: War axe           |    70 |   215 |    26 ||   311
    Use: Potion            |       |     1 |       ||     1
 Armour: Scale mail        |    23 |       |       ||    23
         Chain mail        |    11 |    96 |    19 ||   126
  Dodge: Dodged            |    35 |    90 |    13 ||   138
  Block: Buckler           |    15 |    42 |     7 ||    64
